ESL (28 & UNDER)
BUTLER WHITE SOX @ PENQUANNOCK OVERRATED JETER
04/11/2030
 
TOP OF THE 1ST
Butler White Sox batting - Pitching for Penquannock Overrated Jeter : RHP Leonard Christensen
Pitching: RHP Leonard Christensen
Batting: RHB Luis Fuentes 0-0: Ball
1-0: Ball
2-0: Called Strike
2-1: Ball
3-1: Ground out 4-3 (Groundball, 4)
Batting: LHB Sam Haynes 0-0: Ball
1-0: Ball
2-0: Ground out U3 (Groundball, 3)
Batting: SHB Ben Marks 0-0: Called Strike
0-1: Called Strike
0-2: Fly out, F8 (Line Drive, 8LD)
Top of the 1st over - 0 runs, 0 hits, 0 errors, 0 left on base; Butler 0 - Penquannock 0
BOTTOM OF THE 1ST
Penquannock Overrated Jeter batting - Pitching for Butler White Sox : LHP Francisco Rodríguez
Pitching: LHP Francisco Rodríguez
Batting: RHB Phil Wright 0-0: Ball
1-0: Called Strike
1-1: Ground out 6-3 (Groundball, 6)
Batting: LHB Francisco Medina 0-0: Ground out 4-3 (Groundball, 4M)
Batting: RHB Gary Wyatt 0-0: Ball
1-0: Called Strike
1-1: Fly out, F5 (Popup, 15S)
Bottom of the 1st over - 0 runs, 0 hits, 0 errors, 0 left on base; Butler 0 - Penquannock 0
TOP OF THE 2ND
Butler White Sox batting - Pitching for Penquannock Overrated Jeter : RHP Leonard Christensen
Batting: RHB Steve Clifton 0-0: Ball
1-0: Ball
2-0: Called Strike
2-1: Foul Ball, location: 2F
2-2: Strikes out swinging
Batting: LHB Josh Pérez 0-0: Foul Ball, location: 2F
0-1: Ball
1-1: Foul Ball, location: 2F
1-2: Ball
2-2: Fly out, F8 (Flyball, 8RXD)
Batting: SHB Giel Molendijk 0-0: Ball
1-0: Called Strike
1-1: Fly out, F8 (Flyball, 8LS)
Top of the 2nd over - 0 runs, 0 hits, 0 errors, 0 left on base; Butler 0 - Penquannock 0
BOTTOM OF THE 2ND
Penquannock Overrated Jeter batting - Pitching for Butler White Sox : LHP Francisco Rodríguez
Batting: LHB Félix Costa 0-0: Foul Ball, location: 2F
0-1: Swinging Strike
0-2: Ball
1-2: Ball
2-2: Strikes out looking
Batting: SHB Cristián López 0-0: Called Strike
0-1: Called Strike
0-2: Ball
1-2: Ball
2-2: Foul Ball, location: 2F
2-2: DOUBLE (Line Drive, 7LM)
Batting: RHB Manny Perea 0-0: Ball
1-0: Foul Ball, location: 2F
1-1: Ball
2-1: Called Strike
2-2: Foul Ball, location: 2F
2-2: Ball
3-2: Base on Balls
Batting: LHB José Morales 0-0: Ball
1-0: Ball
2-0: Ball
3-0: Base on Balls
Cristián López to third
Manny Perea to second
Batting: RHB Guillermo Gracía 0-0: Foul Ball, location: 2F
0-1: Called Strike
0-2: Ball
1-2: Ball
2-2: Ball
3-2: Foul Ball, location: 2F
3-2: Strikes out looking
Batting: LHB Eric Powell 0-0: Called Strike
0-1: Swinging Strike
0-2: Foul Ball, location: 2F
0-2: Strikes out swinging
Bottom of the 2nd over - 0 runs, 1 hit, 0 errors, 3 left on base; Butler 0 - Penquannock 0
TOP OF THE 3RD
Butler White Sox batting - Pitching for Penquannock Overrated Jeter : RHP Leonard Christensen
Batting: RHB Ángel Serrano 0-0: Ball
1-0: Fly out, F7 (Flyball, 7LDF)
Batting: RHB Jerry Moore 0-0: Foul Ball, location: 2F
0-1: SINGLE (Groundball, 6MD)
Batting: LHB Denny Allen 0-0: Foul Ball, location: 2F
0-1: Ball
1-1: Ball
2-1: Called Strike
2-2: Foul Ball, location: 2F
2-2: Foul Ball, location: 2F
2-2: 2-RUN HOME RUN (Flyball, 89XD), Distance : 405 ft
Batting: RHB Luis Fuentes 0-0: Swinging Strike
0-1: Fly out, F8 (Line Drive, 8LD)
Batting: LHB Sam Haynes 0-0: Ball
1-0: Foul Ball, location: 2F
1-1: Ground out 5-3 (Groundball, 5)
Top of the 3rd over - 2 runs, 2 hits, 0 errors, 0 left on base; Butler 2 - Penquannock 0
BOTTOM OF THE 3RD
Penquannock Overrated Jeter batting - Pitching for Butler White Sox : LHP Francisco Rodríguez
Batting: RHB Phil Wright 0-0: Ball
1-0: Fly out, F9 (Flyball, 9LS)
Batting: LHB Francisco Medina 0-0: Ball
1-0: Called Strike
1-1: Called Strike
1-2: Ball
2-2: Ball
3-2: Foul Ball, location: 2F
3-2: Strikes out swinging
Batting: RHB Gary Wyatt 0-0: Foul Ball, location: 2F
0-1: Foul Ball, location: 2F
0-2: Strikes out looking
Bottom of the 3rd over - 0 runs, 0 hits, 0 errors, 0 left on base; Butler 2 - Penquannock 0
TOP OF THE 4TH
Butler White Sox batting - Pitching for Penquannock Overrated Jeter : RHP Leonard Christensen
Batting: SHB Ben Marks 0-0: Ball
1-0: Ball
2-0: Fly out, F3 (Popup, 23F)
Batting: RHB Steve Clifton 0-0: Ball
1-0: Swinging Strike
1-1: Swinging Strike
1-2: SINGLE (Line Drive, 7LM)
Batting: LHB Josh Pérez 0-0: Ball
1-0: Foul Ball, location: 2F
1-1: Called Strike
1-2: Ball
2-2: Ball
3-2: Foul Ball, location: 2F
3-2: 2-RUN HOME RUN (Flyball, 89XD), Distance : 417 ft
Batting: SHB Giel Molendijk 0-0: Ball
1-0: Called Strike
1-1: Called Strike
1-2: Ball
2-2: Ground out 1-3 (Groundball, 13)
Batting: RHB Ángel Serrano 0-0: Foul Ball, location: 2F
0-1: Foul Ball, location: 2F
0-2: Ball
1-2: Ball
2-2: SINGLE (Flyball, 6D)
Pitching: LHP Brian Gunther
Batting: RHB Jerry Moore 0-0: Ball
1-0: 2-RUN HOME RUN (Flyball, 9LD), Distance : 343 ft
Batting: LHB Denny Allen 0-0: Ball
1-0: Foul Ball, location: 2F
1-1: Ball
2-1: SINGLE (Groundball, 4M) (infield hit)
Batting: RHB Luis Fuentes 0-0: Fly out, F4 (Line Drive, 4MD)
Top of the 4th over - 4 runs, 5 hits, 0 errors, 1 left on base; Butler 6 - Penquannock 0
BOTTOM OF THE 4TH
Penquannock Overrated Jeter batting - Pitching for Butler White Sox : LHP Francisco Rodríguez
Batting: LHB Félix Costa 0-0: Swinging Strike
0-1: Ball
1-1: Called Strike
1-2: Strikes out looking
Batting: SHB Cristián López 0-0: Called Strike
0-1: Fly out, F9 (Flyball, 89D)
Batting: RHB Manny Perea 0-0: Fly out, F4 (Line Drive, 4M)
Bottom of the 4th over - 0 runs, 0 hits, 0 errors, 0 left on base; Butler 6 - Penquannock 0
TOP OF THE 5TH
Butler White Sox batting - Pitching for Penquannock Overrated Jeter : LHP Brian Gunther
Batting: LHB Sam Haynes 0-0: Ball
1-0: Swinging Strike
1-1: SINGLE (Line Drive, 56)
Batting: SHB Ben Marks 0-0: Ball
1-0: Ball
2-0: Ball
3-0: Base on Balls
Sam Haynes to second
Batting: RHB Steve Clifton 0-0: DOUBLE (Groundball, 5L)
Sam Haynes scores
Ben Marks to third
Batting: LHB Josh Pérez 0-0: Called Strike
0-1: Ball
1-1: Ball
2-1: Foul Ball, location: 2F
2-2: Ball
3-2: Ground out U3 (Groundball, 3S)
Batting: SHB Giel Molendijk 0-0: Ground out 3-1 (Groundball, 34S)
Ben Marks scores
Steve Clifton to third
Batting: RHB Ángel Serrano 0-0: Ball
1-0: Called Strike
1-1: Ball
2-1: Called Strike
2-2: Ground out 6-3 (Groundball, 6MS)
Top of the 5th over - 2 runs, 2 hits, 0 errors, 1 left on base; Butler 8 - Penquannock 0
BOTTOM OF THE 5TH
Penquannock Overrated Jeter batting - Pitching for Butler White Sox : LHP Francisco Rodríguez
Batting: LHB José Morales 0-0: Called Strike
0-1: Ball
1-1: SINGLE (Flyball, 8RS)
Batting: RHB Guillermo Gracía 0-0: Ball
1-0: Swinging Strike
1-1: Ball
2-1: Swinging Strike
2-2: Strikes out swinging
Batting: LHB Eric Powell 0-0: Ball
1-0: Called Strike
1-1: Foul Ball, location: 2F
1-2: Foul Ball, location: 2F
1-2: Fly out, F7 (Flyball, 78M)
Batting: RHB Phil Wright 0-0: Swinging Strike
0-1: Ball
1-1: Called Strike
1-2: Strikes out swinging
Bottom of the 5th over - 0 runs, 1 hit, 0 errors, 1 left on base; Butler 8 - Penquannock 0
TOP OF THE 6TH
Butler White Sox batting - Pitching for Penquannock Overrated Jeter : LHP Brian Gunther
Batting: RHB Jerry Moore 0-0: Ball
1-0: Foul Ball, location: 2F
1-1: Foul Ball, location: 2F
1-2: Ball
2-2: Ball
3-2: SINGLE (Groundball, 56D)
Batting: LHB Denny Allen 0-0: Ball
1-0: Swinging Strike
1-1: Called Strike
1-2: Ball
2-2: Foul Ball, location: 2F
2-2: Fielders Choice at 2nd, 1-6 (Groundball, 13)
Batting: RHB Luis Fuentes 0-0: Called Strike
0-1: SINGLE (Groundball, 34D)
Denny Allen to second
Runner from 2nd tries for 3rd, SAFE, no throw
Batting: LHB Sam Haynes 0-0: Ball
1-0: Ball
2-0: Foul Ball, location: 2F
2-1: Foul Ball, location: 2F
2-2: Strikes out looking
Batting: SHB Ben Marks 0-0: Ball
1-0: Ball
2-0: Ball
3-0: Called Strike
3-1: Base on Balls
Luis Fuentes to second
Batting: RHB Steve Clifton 0-0: Called Strike
0-1: Ball
1-1: Swinging Strike
1-2: Strikes out swinging
Top of the 6th over - 0 runs, 2 hits, 0 errors, 3 left on base; Butler 8 - Penquannock 0
BOTTOM OF THE 6TH
Penquannock Overrated Jeter batting - Pitching for Butler White Sox : LHP Francisco Rodríguez
Batting: LHB Francisco Medina 0-0: Called Strike
0-1: Ball
1-1: Foul Ball, location: 2F
1-2: Ball
2-2: Strikes out looking
Batting: RHB Gary Wyatt 0-0: Foul Ball, location: 2F
0-1: Ground out U3 (Groundball, 3L)
Batting: LHB Félix Costa 0-0: Ball
1-0: Called Strike
1-1: Ball
2-1: SINGLE (Line Drive, 6MD)
Batting: SHB Cristián López 0-0: Called Strike
0-1: Ball
1-1: Fly out, F8 (Flyball, 8RS)
Bottom of the 6th over - 0 runs, 1 hit, 0 errors, 1 left on base; Butler 8 - Penquannock 0
TOP OF THE 7TH
Butler White Sox batting - Pitching for Penquannock Overrated Jeter : LHP Brian Gunther
Batting: LHB Josh Pérez 0-0: Called Strike
0-1: Ball
1-1: Ground out 4-3 (Groundball, 4M)
Batting: SHB Giel Molendijk 0-0: Called Strike
0-1: Ball
1-1: SOLO HOME RUN (Flyball, 7LD), Distance : 348 ft
Batting: RHB Ángel Serrano 0-0: Ball
1-0: Called Strike
1-1: Ball
2-1: SINGLE (Groundball, 56D)
Pitching: RHP John Kelly
Batting: RHB Jerry Moore 0-0: Fielders Choice at 2nd, 6-4 (Groundball, 6)
Batting: LHB Denny Allen 0-0: Ball
1-0: Called Strike
1-1: Ball
2-1: SINGLE (Groundball, 6MD)
Jerry Moore to second
Batting: RHB Luis Fuentes 0-0: Called Strike
0-1: Swinging Strike
0-2: Foul Ball, location: 2F
0-2: Ball
1-2: Ball
2-2: Strikes out swinging
Top of the 7th over - 1 run, 3 hits, 0 errors, 2 left on base; Butler 9 - Penquannock 0
BOTTOM OF THE 7TH
Penquannock Overrated Jeter batting - Pitching for Butler White Sox : LHP Francisco Rodríguez
Batting: RHB Manny Perea 0-0: Ball
1-0: Ball
2-0: Ground out 6-3 (Groundball, 6)
Batting: LHB José Morales 0-0: Foul Ball, location: 2F
0-1: Ball
1-1: Called Strike
1-2: Ground out 4-3 (Groundball, 4)
Batting: RHB Guillermo Gracía 0-0: Ball
1-0: Ball
2-0: Called Strike
2-1: SINGLE (Groundball, 3D)
Pitching: RHP Armando Rodríguez
Batting: LHB Eric Powell 0-0: Ball
1-0: Ground out 4-3 (Groundball, 4)
Bottom of the 7th over - 0 runs, 1 hit, 0 errors, 1 left on base; Butler 9 - Penquannock 0
TOP OF THE 8TH
Butler White Sox batting - Pitching for Penquannock Overrated Jeter : RHP John Kelly
Batting: LHB Sam Haynes 0-0: Called Strike
0-1: Called Strike
0-2: Strikes out looking
Batting: SHB Ben Marks 0-0: SINGLE (Line Drive, 6MD)
Batting: RHB Steve Clifton 0-0: Ball
1-0: Called Strike
1-1: Swinging Strike
1-2: Foul Ball, location: 2F
1-2: Ball
2-2: Foul Ball, location: 2F
2-2: Strikes out swinging
Batting: LHB Josh Pérez 0-0: Ball
1-0: SINGLE (Groundball, 4D)
Ben Marks to second
Runner from 2nd tries for 3rd, SAFE, no throw
Batting: SHB Giel Molendijk 0-0: Ball
Josh Pérez steals 2nd base
1-0: Swinging Strike
1-1: Fly out, F6 (Popup, 6MD)
Top of the 8th over - 0 runs, 2 hits, 0 errors, 2 left on base; Butler 9 - Penquannock 0
BOTTOM OF THE 8TH
Penquannock Overrated Jeter batting - Pitching for Butler White Sox : RHP Armando Rodríguez
Batting: RHB Phil Wright 0-0: SINGLE (Groundball, 56D)
Batting: LHB Francisco Medina 0-0: Called Strike
0-1: Called Strike
0-2: Foul Ball, location: 2F
0-2: Strikes out swinging
Batting: RHB Gary Wyatt 0-0: Called Strike
0-1: Called Strike
0-2: Ball
1-2: Ball
2-2: Foul Ball, location: 2F
2-2: Fly out, F4 (Popup, 4S)
Batting: LHB Félix Costa 0-0: Called Strike
0-1: Ball
1-1: Swinging Strike
1-2: Strikes out looking
Bottom of the 8th over - 0 runs, 1 hit, 0 errors, 1 left on base; Butler 9 - Penquannock 0
TOP OF THE 9TH
Butler White Sox batting - Pitching for Penquannock Overrated Jeter : RHP John Kelly
Batting: RHB Ángel Serrano 0-0: Swinging Strike
0-1: Foul Ball, location: 2F
0-2: Ball
1-2: Strikes out swinging
Batting: RHB Jerry Moore 0-0: Ball
1-0: Ground out 5-3 (Groundball, 56S)
Batting: LHB Denny Allen 0-0: Ball
1-0: Foul Ball, location: 2F
1-1: Called Strike
1-2: Strikes out swinging
Top of the 9th over - 0 runs, 0 hits, 0 errors, 0 left on base; Butler 9 - Penquannock 0
BOTTOM OF THE 9TH
Penquannock Overrated Jeter batting - Pitching for Butler White Sox : RHP Armando Rodríguez
Batting: SHB Cristián López 0-0: Ball
1-0: Called Strike
1-1: Foul Ball, location: 2F
1-2: Ball
2-2: Ground out U3 (Groundball, 3)
Batting: RHB Manny Perea 0-0: Ball
1-0: Ball
2-0: Ball
3-0: Base on Balls
Batting: LHB José Morales 0-0: Called Strike
0-1: Ball
1-1: Fly out, F7 (Flyball, 7S)
Batting: RHB Guillermo Gracía 0-0: SINGLE (Line Drive, 9)
Manny Perea to second
Batting: LHB Eric Powell 0-0: Foul Ball, location: 2F
0-1: Ball
1-1: Ball
2-1: Ball
3-1: Base on Balls
Manny Perea to third
Guillermo Gracía to second
Batting: RHB Phil Wright 0-0: Foul Ball, location: 2F
0-1: Ball
1-1: SINGLE (Line Drive, 34D)
Manny Perea scores
Guillermo Gracía to third
Eric Powell to second
Batting: LHB Francisco Medina 0-0: Called Strike
0-1: Ball
1-1: Ball
2-1: Ball
3-1: Foul Ball, location: 2F
3-2: Base on Balls
Guillermo Gracía scores
Eric Powell to third
Phil Wright to second
Batting: RHB Gary Wyatt 0-0: Fly out, F3 (Popup, 3SF)
Bottom of the 9th over - 2 runs, 2 hits, 0 errors, 3 left on base; Butler 9 - Penquannock 2
Saturday, April 7th, 2018 - OOTP Baseball 18.8 Build 76